 Dungeon Crawl Stone Soup version 0.29-a0-383-g8b6f518c11 (webtiles) character file.

Game seed: 14167588907713024500

1677 Bruhh the Thaumaturge (level 9, -5/65 HPs)
             Began as a Djinni Earth Elementalist on May 6, 2022.
             Slain by a wight
             ... wielding a +4 long sword of freezing
              (10 damage)
             ... on level 6 of the Dungeon.
             The game lasted 00:11:10 (7114 turns).

Bruhh the Thaumaturge (Djinni Earth Elementalist)   Turns: 7114, Time: 00:11:11

Health: -5/65      AC:  2    Str:  7    XL:     9   Next: 21%
Gold:   235        EV: 12    Int: 22    God:
                   SH:  0    Dex: 13

rFire   + + .      SeeInvis .   (no weapon)
rCold   x . .      Faith    .   (no shield)
rNeg    . . .      Spirit   .   b - +0 robe
rPois   ∞          Reflect  .   (no helmet)
rElec   .          Harm     .   (no cloak)
rCorr   .          Rampage  .   (no gloves)
Will    .....                   (boots unavailable)
Stlth   ++........              (no amulet)
HPRegen 0.20/turn               (no ring)
MPRegen 0.00/turn               (no ring)

@: about to teleport, flying
A: sickness immunity, fire resistance 2, cold vulnerability 1, float, innate
caster, HP casting, extra vitality 1
a: no special abilities


You were on level 6 of the Dungeon.
You visited 1 branch of the dungeon, and saw 7 of its levels.

You collected 235 gold pieces.

Inventory:

Missiles
 a - 97 stones
 r - 4 curare-tipped darts
Armour
 b - a +0 robe (worn)
Jewellery
 d - a ring of positive energy
Wands
 j - a wand of flame (34)
 p - a wand of digging (1)
 y - a wand of iceblast (4)
Scrolls
 c - 3 scrolls of immolation
 f - 3 scrolls of teleportation
 i - 4 scrolls of identify
 l - a scroll of noise {unknown}
 u - a scroll of acquirement {unknown}
 v - a scroll of blinking {unknown}
 w - a scroll of silence {unknown}
 x - a scroll of amnesia {unknown}
 z - 2 scrolls of fog {unknown}
Potions
 h - a potion of lignification {unknown}
 m - a potion of mutation {unknown}
 n - a potion of haste {unknown}
 o - a potion of resistance {unknown}
 q - a potion of might
 s - a potion of invisibility {unknown}


   Skills:
 + Level 5.1 Fighting
 - Level 2.1 Dodging
 - Level 1.5 Stealth
 - Level 8.0 Spellcasting


You had 4 spell levels left.
You knew the following spells:

 Your Spells              Type           Power      Damage    Failure   Level
a - Sandblast             Erth           88%        2d18      1%          1
b - Passwall              Tmut/Erth      36%        N/A       1%          2
c - Stone Arrow           Conj/Erth      88%        3d12      1%          3
d - Petrify               Tmut/Erth      44%        N/A       2%          4
e - Freeze                Ice            100%       1d11      1%          1
f - Scorch                Fire           88%        2d9       1%          2
g - Spider Form           Tmut/Pois      44%        N/A       1%          3
h - Summon Ice Beast      Ice/Summ       44%        N/A       2%          4
Your spell library was empty.

Dungeon Overview and Level Annotations

Branches:
Dungeon (7/15)
 Temple: D:4-7

Altars:
Gozag
Nemelex Xobeh
Xom
Zin


Innate Abilities, Weirdness & Mutations

You are immune to sickness and miasma.
You are immune to poison.
Your flesh is very heat resistant. (rF++)
You are vulnerable to cold. (rC-)
You float through the air rather than walking.
You learn spells naturally, not from books.
Your magical power is your life essence.
You have superior vitality. (+4 MHP)


Message History

Really fire in your ice beast's direction?
Okay, then.
The wight hits your ice beast with a +0 spear.
Your ice beast completely misses the wight.
The wight misses your ice beast.
Your ice beast closely misses the wight.
Really fire in your ice beast's direction? [Y]es or [N]o only, please.
Really fire in your ice beast's direction?
The stone arrow hits the wight!!
You destroy the wight!
The wight hits your ice beast but does no damage.
Your ice beast closely misses the wight.
Your Fighting skill increases to level 5!
Really fire in your ice beast's direction? [Y]es or [N]o only, please.
Really fire in your ice beast's direction?
The stone arrow misses the wight.
The stone arrow hits your ice beast!!
You kill your ice beast!
Your ice beast disappears in a puff of smoke!
The wight hits you with a +1 dire flail of protection!
* * * LOW HITPOINT WARNING * * *
Your magical contamination has completely faded away.
Unknown command.
As you read the scroll labelled YQUSOW BIYS, it crumbles to dust.
It is a scroll of identify.
f - 4 scrolls of teleportation
As you read the scroll of teleportation, it crumbles to dust.
You feel strangely unstable.
The wight hits you with a +1 dire flail of protection!
* * * LOW HITPOINT WARNING * * *
The wight hits you but does no damage.
Unknown command.
You feel better.
The wight hits you with a +1 dire flail of protection!
* * * LOW HITPOINT WARNING * * *
The wight hits you from afar with a +0 spear.
* * * LOW HITPOINT WARNING * * *
The wight hits you with a +4 long sword of freezing!
You die...

,,***,,,,,,*,*,,,,,,,,***,,,,,,*,
,,,,,,,,,,,,........,,**,,,,,,*,,
,,,,,,,,,,,,,......*,,,,,,,,,,*,,
,,,,,,,,,,,,,.....##*,,,,,,,,,,,,
,,,,,,,,,,,,,,.....#,,.*,,,,*,*,,
,,,,,,,,,,,,,,#....#*.##*,..##*,,
,,,*,,,,,,,,,<#....#....###..#,,,
****,,,,,,,,,,#....#..........,,*
,,*,,,,,,,,,,*#.@z...#.#.....**,,
,,,,,,,,,,,,*##.z...#..#....##*,.
***,*,,*,,,,,#..z...##.......##..
,****,,,,,,,*#......#..#.........
,**,,,,,,*#...?.#).....#...<.....
,,,,,,,,**#....##................
,,**,,,***#....#.................
,**,..,,..#...............#.....#
,**,,..,..#.....................#


You could see 3 wights.

Vanquished Creatures
  Edmund (D:5)
  A water moccasin (D:6)
  Pargi (D:3)
  2 black bears
  An ice beast (D:7)
  A centaur (D:6)
  A bullfrog (D:6)
  3 scorpions
  3 wights (D:6)
  3 hounds
  An orc priest (D:4)
  2 jellies (D:5)
  Terence (D:2)
  2 orc wizards
  3 iguanas
  8 gnolls
  8 adders
  A white imp (D:5)
  An ufetubus (D:6)
  2 worms (D:3)
  2 dart slugs (D:1)
  15 orcs
  7 ball pythons
  8 bats
  5 endoplasms
  8 giant cockroaches
  4 goblins
  5 hobgoblins
  9 jackals
  3 quokkas
  3 frilled lizards
  2 kobolds (D:3)
  6 rats
123 creatures vanquished.

Notes
Turn   | Place    | Note
-------+----------+-------------------------------------------
     0 | D:1      | Bruhh the Djinni Earth Elementalist began the quest for the
                  | Orb.
     0 | D:1      | Reached XP level 1. HP: 15/15 MP: 0/0
   369 | D:1      | Found a faded altar of an unknown god.
   375 | D:1      | Reached XP level 2. HP: 15/21 MP: 0/0
   538 | D:1      | Reached skill level 3 in Spellcasting
   716 | D:1      | Reached XP level 3. HP: 23/25 MP: 0/0
   716 | D:1      | Learned a level 1 spell: Freeze
  1507 | D:2      | Reached XP level 4. HP: 24/31 MP: 0/0
  1649 | D:2      | Noticed Terence
  1662 | D:2      | Killed Terence
  1663 | D:2      | Reached skill level 4 in Spellcasting
  2206 | D:3      | Reached XP level 5. HP: 34/35 MP: 0/0
  2206 | D:3      | Learned a level 2 spell: Scorch
  2387 | D:3      | Found a glowing silver altar of Zin.
  2449 | D:3      | Noticed Pargi
  2457 | D:3      | Killed Pargi
  2458 | D:3      | Reached skill level 5 in Spellcasting
  2458 | D:3      | Reached XP level 6. HP: 17/40 MP: 0/0
  2992 | D:3      | Found a glowing silver altar of Zin.
  3014 | D:3      | Found an opulent altar of Gozag.
  3804 | D:4      | Reached XP level 7. HP: 39/45 MP: 0/0
  3804 | D:4      | Learned a level 3 spell: Spider Form
  4190 | D:4      | Reached skill level 6 in Spellcasting
  4212 | D:4      | Found a sparkling altar of Nemelex Xobeh.
  4402 | D:5      | Entered Level 5 of the Dungeon
  5076 | D:5      | Reached XP level 8. HP: 47/50 MP: 0/0
  5204 | D:5      | Reached skill level 7 in Spellcasting
  5610 | D:5      | Noticed Edmund
  6089 | D:5      | Killed Edmund
  6338 | D:5      | Found a shimmering altar of Xom.
  6721 | D:6      | Reached skill level 8 in Spellcasting
  6774 | D:6      | Reached skill level 1 in Fighting
  7080 | D:7      | Reached XP level 9. HP: 54/61 MP: 0/0
  7080 | D:7      | Learned a level 4 spell: Summon Ice Beast
  7111 | D:6      | Reached skill level 5 in Fighting
  7114 | D:6      | Slain by a wight

Illustrated notes

Levels and vault maps discovered:
D:1:      dpeg_arrival_tiny_a, layout_basic,
          hellmonk_ecumenical_altar_crossroads
D:2:      layout_basic, uniq_terence
D:3:      minmay_inner_zag, layout_basic,
          pdpol_temple_overflow_zin_treasury_gozag_greed, st_stairs_13,
          kennysheep_flooded_box, uniq_pargi
D:4:      layout_basic, mainiacjoe_overflow_concentric_impassable,
          lemuel_another_geyser
D:5:      layout_basic, xom_butterflies, minivault_14, uniq_edmund
D:6:      layout_cave_pools, grunt_dithmenos_smoke, minmay_fractal_squares_5
D:7:      gammafunk_steamed_eel, layout_cave_pools, marbit_many_paths,
          temple_green, uniq_crazy_yiuf_cottage, uniq_pikel, uniq_maggie

Skill      XL: |  1  2  3  4  5  6  7  8  9 |
---------------+----------------------------+-----
Spellcasting   | 3 4 5 6 8 |  8.0
Fighting       | 3 5 |  5.1
Dodging        | |  2.1
Stealth        | |  1.5

Action                   |  1- 3 |  4- 6 |  7- 9 || total
-------------------------+-------+-------+-------++-------
Melee: Unarmed           |     3 |     3 |    18 ||    24
       Punch             |     1 |       |       ||     1
Throw: Stone             |       |       |     8 ||     8
 Cast: Sandblast         |    48 |    65 |    84 ||   197
       Freeze            |       |     6 |     1 ||     7
       Stone Arrow       |       |     6 |    22 ||    28
       Petrify           |       |       |     2 ||     2
       Spider Form       |       |       |     1 ||     1
       Summon Ice Beast  |       |       |     1 ||     1
  Use: Scroll            |       |       |     6 ||     6
       Potion            |       |       |     3 ||     3
 Stab: Sleeping          |       |     1 |       ||     1
Armor: Robe              |     2 |     7 |     9 ||    18
Dodge: Dodged            |    12 |    21 |    66 ||    99

Table legend: (Time is in decaauts)
 A = Elapsed time spent in this place.
 B = Non-inter-level travel time spent in this place.
 C = Inter-level travel time spent in this place.
 D = Time resting spent in this place.
 E = Time spent auto-exploring this place.
 F = Levels seen in this place.
 G = Mean time per level.
                   A        B        C        D        E       F      G
               +--------+--------+--------+--------+--------+-----+--------+
         Total |   7115 |   6960 |    155 |    888 |   5351 |   7 | 1016.4 |
       Dungeon |   7115 |   6960 |    155 |    888 |   5351 |   7 | 1016.4 |
               +--------+--------+--------+--------+--------+-----+--------+

Top non-repeatable levels by time:
     D:4: 1758 daAuts
     D:3: 1364 daAuts
     D:5: 1254 daAuts
     D:1: 1249 daAuts
     D:2: 926 daAuts
     D:6: 290 daAuts
     D:7: 271 daAuts
